 Dungeon Crawl Stone Soup version 0.21.1-1-g345015f (webtiles) character file.

679 glosham the Chopper (level 7, -6/71 HPs)
             Began as a Troll Berserker on Apr 15, 2018.
             Was a Believer of Trog.
             Mangled by a gnoll sergeant
             ... wielding a +0 trident
              (8 damage)
             ... on level 6 of the Dungeon.
             The game lasted 00:17:10 (798 turns).

glosham the Chopper (Troll Berserker)                Turns: 798, Time: 00:17:11

Health: -6/71      AC:  6    Str: 26    XL:     7   Next: 34%
Magic:  6/6        EV: 10    Int:  3    God:    Trog [**....]
Gold:   117        SH:  0    Dex: 11    Spells: 6/6 levels left

rFire    . . .     SeeInvis .   o - +2 whip (drain)
rCold    . . .     Gourm    +   (no shield)
rNeg     . . .     Faith    .   l - +1 animal skin
rPois    .         Spirit   .   (helmet restricted)
rElec    .         Reflect  .   (no cloak)
rCorr    .         Harm     .   (gloves unavailable)
MR       .....                  (boots unavailable)
Stlth    +.........             (no amulet)
HPRegen  0.61/turn              (no ring)
MPRegen  0.10/turn              (no ring)

@: berserk cooldown, slowed, drained, very slow
A: large, unfitting armour, claws 3, fast metabolism 3, gourmand, regeneration
1, shaggy fur 1, tough skin 2
a: Berserk, Trog's Hand, Burn Spellbooks, Renounce Religion


You were on level 6 of the Dungeon.
You worshipped Trog.
Trog was pleased with you.
You were very full.

You visited 1 branch of the dungeon, and saw 5 of its levels.

You collected 117 gold pieces.

Inventory:

Hand Weapons
 a - a +0 hand axe
 b - a +0 giant spiked club
 n - the +8 dagger of Eternal Vigilance {protect, Int+2}
   (You found it on level 6 of the Dungeon)

   It protects the one who uses it against injury (+AC on strike).
   It affects your intelligence (+2).
 o - a +2 whip of draining (weapon)
Armour
 l - a +1 animal skin (worn)
Scrolls
 d - a scroll of amnesia
 e - a scroll of teleportation
 j - a scroll of remove curse
Potions
 f - a potion of lignification
 g - a potion of magic
 h - a potion of cancellation
 k - 2 potions of curing {unknown}
Books
 m - a book of Necromancy

   Spells                             Type                      Level
   a - Pain                           Necromancy                   1
   b - Animate Skeleton               Necromancy                   1
   c - Vampiric Draining              Necromancy                   3
   d - Regeneration                   Charms/Necromancy            3
   e - Animate Dead                   Necromancy                   4
   f - Borgnjor's Vile Clutch         Necromancy/Earth             5
   Trog disapproves of the use of such an item.
Comestibles
 c - 4 rations


   Skills:
 + Level 4.5(3.7) Fighting
 * Level 6.0(5.2) Axes
 - Level 2.4(1.7) Dodging


You had 6 spell levels left.
You didn't know any spells.

Dungeon Overview and Level Annotations

Branches:
Dungeon (4/15)
 Temple: D:4-7

Altars:
Qazlal


Innate Abilities, Weirdness & Mutations

You are too large for most types of armour.
You have claws for hands.
Your metabolism is lightning-fast.
You like to eat raw meat.
Your natural rate of healing is unusually fast.
You are covered in fur. (AC +1)
You have very tough skin. (AC +2)


Message History

Trog accepts your kill. The gnoll sergeant closely misses you.
You puncture the orc zombie!
You destroy the orc zombie!
Trog accepts your kill.
The gnoll sergeant hits you from afar with a trident.
The gnoll sergeant completely misses you.
The gnoll sergeant hits you but does no damage.
Items here: )))) †††† You hit the gnoll sergeant but do no damage.
The gnoll sergeant hits you but does no damage.
You hit the gnoll sergeant.
The gnoll sergeant is lightly wounded.
The gnoll sergeant hits you with a trident!
* * * LOW HITPOINT WARNING * * *
The gnoll sergeant hits you with a trident.
* * * LOW HITPOINT WARNING * * *
o - a whip of draining The gnoll sergeant hits you with a trident.
* * * LOW HITPOINT WARNING * * *
Wield which item (- for none, * to show all)? (? for menu, Esc to quit)
The +8 dagger of Eternal Vigilance {protect, Int+2} goes still.
You sense an unholy aura.
o - a +2 whip of draining (weapon)
The gnoll sergeant hits you with a trident!
* * * LOW HITPOINT WARNING * * *
You feel much better. The gnoll sergeant closely misses you.
You hit the gnoll sergeant.
The gnoll sergeant is moderately wounded.
The gnoll sergeant hits you with a trident.
You hit the gnoll sergeant but do no damage.
The gnoll sergeant is moderately wounded.
The gnoll sergeant hits you with a trident.
* * * LOW HITPOINT WARNING * * *
The gnoll sergeant hits you with a trident!
* * * LOW HITPOINT WARNING * * *
You closely miss the gnoll sergeant.
The gnoll sergeant is moderately wounded.
The gnoll sergeant hits you with a trident!
You die...

##. #....####..#
#..# ##..## ##..#
##...## #..#
##..##
..(...###..###...#
.Z.#..........#.#
#.#...ZZl....#.#
###...###..###...#
.....## #..# ##g.#
###l## ##..## ##@#
#.####gZ..####.#
###.l##..##..##..#
.....O....g......#
.###....M#####..##
#......g.....#
#.....######.##
#.#.#Z# #..#
#>#.#.# ##.##


You could see a gnoll sergeant.

Vanquished Creatures
  3 ogres
  2 howler monkeys (D:6)
  An orc priest (D:6)
  2 hounds (D:4)
  3 iguanas
  A worker ant (D:4)
  A mummy (D:6)
  2 adders
  8 gnolls
  An adder skeleton (D:4)
  2 worms (D:4)
  A leopard gecko (D:3)
  8 orcs
  2 ball pythons (D:4)
  2 goblins
  2 hobgoblins
  4 jackals (D:2)
  A quokka (D:4)
  3 frilled lizards
  A hobgoblin zombie (D:6)
  A kobold (D:3)
  A kobold zombie (D:6)
  An orc zombie (D:6)
  2 rats
55 creatures vanquished.

Notes
Turn   | Place    | Note
-------+----------+-------------------------------------------
     0 | D:1      | glosham the Troll Berserker began the quest for the Orb.
     0 | D:1      | Reached XP level 1. HP: 22/22 MP: 0/0
   128 | D:2      | Reached XP level 2. HP: 27/29 MP: 1/1
   221 | D:3      | Reached skill level 3 in Axes
   223 | D:3      | Reached XP level 3. HP: 36/36 MP: 2/2
   313 | D:4      | Reached skill level 3 in Fighting
   324 | D:4      | Noticed an ogre
   348 | D:4      | Found a stormy altar of Qazlal.
   349 | D:4      | Noticed a water elemental
   351 | D:4      | Noticed an earth elemental
   351 | D:4      | Noticed a fire elemental
   351 | D:4      | Noticed an air elemental
   371 | D:4      | Reached ** piety under Trog
   401 | D:4      | Reached XP level 4. HP: 19/45 MP: 3/3
   428 | D:4      | Noticed an ogre
   429 | D:4      | Reached skill level 4 in Axes
   436 | D:4      | Killed an ogre
   436 | D:4      | Reached XP level 5. HP: 43/53 MP: 4/4
   537 | D:4      | Reached XP level 6. HP: 23/62 MP: 5/5
   620 | D:4      | Reached skill level 4 in Fighting
   620 | D:4      | Reached skill level 5 in Axes
   659 | D:4      | You fall through a shaft for 2 floors!
   686 | D:6      | Got an ebony dagger
   687 | D:6      | Identified the +8 dagger of Eternal Vigilance {protect, Int+2} (You found it on level 6 of the Dungeon)
   770 | D:6      | Reached XP level 7. HP: 70/70 MP: 6/6
   778 | D:6      | Reached skill level 6 in Axes
   794 | D:6      | HP: 1/71 [gnoll sergeant/trident (14)]
   798 | D:6      | Mangled by a gnoll sergeant

Skill      XL: |  1  2  3  4  5  6  7 |
---------------+----------------------+-----
Axes           | 3 4 5 6 |  6.0
Fighting       | 3 4 |  4.5
Dodging        | |  2.4

Action                   |  1- 3 |  4- 6 |  7- 9 || total
-------------------------+-------+-------+-------++-------
Melee: Hand axe          |   106 |    72 |       ||   178
       Dagger            |       |    15 |    18 ||    33
       Whip              |       |       |     3 ||     3
Invok: Berserk           |     1 |     5 |       ||     6
  Use: Scroll            |     3 |     6 |       ||     9
       Potion            |       |       |     1 ||     1
  Eat: Chunk             |    10 |     8 |       ||    18
Armor: Animal skin       |    28 |    32 |     7 ||    67
Dodge: Dodged            |    49 |    55 |    11 ||   115

Table legend:
 A = Turns spent in this place as a percentage of turns spent in the entire game.
 B = Non-inter-level travel turns spent in this place as a percentage of non-inter-level travel turns spent in the entire game.
 C = Inter-level travel turns spent in this place as a percentage of turns spent in this place.
 D = Turns resting spent in this place as a percentage of non-inter-level travel turns spent in this place.
 E = Turns spent auto-exploring this place as a percentage of non-inter-level travel turns spent in this place.
 F = Non-inter-level travel turns spent in this place divided by the number of levels of this place that you've seen.
                   A       B       C       D       E      F
               +-------+-------+-------+-------+-------+----------------------
         Total | 100.0 | 100.0 |   1.0 |   0.0 |   0.0 | 158.0
       Dungeon | 100.0 | 100.0 |   1.0 |   0.0 |   0.0 | 158.0
               +-------+-------+-------+-------+-------+----------------------

Table legend:
 A = Kills in this place as a percentage of kills in entire the game.
 B = Kills by you in this place as a percentage of kills by you in the entire game.
 C = Kills by friends in this place as a percentage of kills by friends in the entire game.
 D = Other kills in this place as a percentage of other kills in the entire game.
 E = Experience gained in this place as a percentage of experience gained in the entire game.
 F = Experience gained in this place divided by the number of levels of this place that you have seen.
                   A       B       C       D       E      F
               +-------+-------+-------+-------+-------+----------------------
         Total | 100.0 | 100.0 |   N/A |   N/A | 100.0 | 194.2
       Dungeon | 100.0 | 100.0 |   N/A |   N/A | 100.0 | 194.2
               +-------+-------+-------+-------+-------+----------------------

Vault maps used:
D:1:      mushboom_english_gardens, okawaru_ov_weapons_minmay
D:2:      uniq_terence, uniq_sigmund, uniq_crazy_yiuf_cottage
D:3:      serial_curves, eino_curves_04, eino_curves_02, eino_curves_02,
          eino_curves_04, minmay_misc_feat_more_columns, serial_bayou_pond_b,
          nicolae_ru_awakened_eye
D:4:      kennysheep_mini, first_ration, nrook_mini_vaults,
          nicolae_qazlal_style_of_elements
D:6:      hangedman_decor_clover_reticule, grunt_decor_arrowhead,
          palyth_stone_intersect, minmay_misc_feat_pillars, minmay_mini_ossuary
